 Dungeon Crawl Stone Soup version 0.17.1-1-g73c8601 (console) character file.

4736 Kloppie the Cleaver (level 10, 0/85 HPs)
             Began as a Formicid Fighter on Dec 13, 2015.
             Was a Follower of Elyvilon.
             Slain by a troll (14 damage)
             ... on level 9 of the Dungeon.
             The game lasted 00:16:19 (8986 turns).

Kloppie the Cleaver (Formicid Fighter)              Turns: 8986, Time: 00:16:19

Health: 0/85       AC:  9    Str: 28    XL:     10   Next: 74%
Magic:  15/15      EV:  7    Int:  9    God:    Elyvilon [*.....]
Gold:   400        SH:  0    Dex: 10    Spells: 0 memorised, 9 levels left

rFire  . . .     SeeInvis +     a - +1 war axe
rCold  . . .     Clarity  .     b - +0 scale mail
rNeg   . . .     SustAt   .     c - +0 shield
rPois  .         Gourm    .     (helmet unavailable)
rElec  .         Spirit   .     (no cloak)
rCorr  .         Warding  .     r - +0 pair of gloves
rMut   .         Stasis   +     f - +0 pair of boots
MR     +....                    (no amulet)
Stlth  ..........               (no ring)
                                F - +1 ring of protection

@: confused, mighty, heavily drained, somewhat resistant to hostile
enchantments, extremely unstealthy
A: permanent stasis, dig shafts and tunnels, four strong arms, antennae 3
a: Dig, Shaft Self, Lesser Healing, Divine Protection, Renounce Religion


You were on level 9 of the Dungeon.
You worshipped Elyvilon.
Elyvilon was aware of your devotion.
You were not hungry.

You visited 2 branches of the dungeon, and saw 10 of its levels.
You also visited: Sewer.

You collected 400 gold pieces.

Inventory:

Hand Weapons
 a - a +1 war axe (weapon)
Armour
 b - a +0 scale mail (worn)
 c - a +0 shield (worn)
 f - a +0 pair of boots (worn)
 r - a +0 pair of gloves (worn)
Jewellery
 n - an uncursed ring of fire
 F - a +1 ring of protection (left hand)
Wands
 i - a wand of confusion (18)
 y - a wand of enslavement (0)
 E - a wand of fire (6)
 H - a wand of confusion (25)
Scrolls
 h - 5 scrolls of recharging
 o - 2 scrolls of fog
 q - a scroll of remove curse
 G - a scroll of fear
 K - a scroll of magic mapping
Potions
 j - a potion of ambrosia
 l - 2 potions of agility
 m - 5 potions of curing
 p - 2 potions of resistance
 s - 2 potions of flight
 t - 3 potions of cancellation
 u - a potion of experience {unknown}
 v - 2 potions of degeneration {unknown}
 w - a potion of cure mutation {unknown}
 z - a potion of brilliance {unknown}
 A - 2 potions of magic {unknown}
 B - 2 potions of heal wounds {unknown}
 C - a potion of lignification {unknown}
 D - 2 potions of poison {unknown}
Comestibles
 e - 8 bread rations
 g - 4 beef jerkies
 k - 7 meat rations


   Skills:
 - Level 10.0(8.5) Fighting
 + Level 10.8(9.2) Axes
 + Level 3.8(2.6) Armour
 - Level 3.6(2.3) Shields
 - Level 7.0(5.6) Invocations


You had 9 spell levels left.
You didn't know any spells.

Dungeon Overview and Level Annotations

Branches:
Dungeon (9/15)             Temple (1/1) D:6
   Lair: D:8-11         Orc: D:9-12

Altars:
Ashenzari
Cheibriados
Dithmenos
Elyvilon
Fedhas
Gozag
Kikubaaqudgha
Makhleb
Nemelex Xobeh
Okawaru
Qazlal
Ru
Sif Muna
Trog
Vehumet
Xom
Yredelemnul
Zin
The Shining One

Shops:
D:9 ?!

Annotations:
D:8 Genom09's ghost, novice MfTm


Innate Abilities, Weirdness & Mutations

You are under a permanent stasis effect.
You can dig through walls and to a lower floor.
Your four strong arms can wield two-handed weapons with a shield.
You have a pair of large antennae on your head (SInv).


Message History

The troll bites you.
* * * LOW HITPOINT WARNING * * *
The troll barely misses you. The troll claws you!
* * * LOW HITPOINT WARNING * * *
The orc wizard points at you and mumbles some strange words.
You are confused.
The troll bites you!
* * * LOW HITPOINT WARNING * * *
The troll claws you but does no damage. The troll closely misses you.
The orc wizard closely misses you.
Found Torith's Distillery.
Found a stone staircase leading down.
Items here: ))) †† a short sword; an enchanted hand axe; a short sword; an orc corpse an orc corpse You hit the troll.
The troll is moderately wounded.
You closely miss the orc wizard.
The orc wizard is moderately wounded.
The troll bites you!
You die...

...............>#
.................
.................
.................
###.<#......∩.
#.............
#....)........
#...(oT.....#.
#.....@.......
.......∩.....###
#####........#
#)#........#
#.#"........
#.##<.......
#.#.##### #...#


You could see a troll and an orc wizard (invisible).

Vanquished Creatures
  Erica (D:7)
  A spriggan (D:7)
  A wyvern (D:8)
  The ghost of Wutend the Ducker, an amateur OpFi (D:3)
  A water moccasin (D:7)
  4 necrophages (D:7)
  A sky beast (D:7)
  A black bear (D:6)
  2 ice beasts
  5 ogres
  A phantom (D:5)
  A centaur (D:6)
  A water moccasin zombie (D:7)
  2 scorpions (D:5)
  6 giant frogs
  A wyvern skeleton (D:6)
  The ghost of purzel the Sneak, a weakling DgAs (D:5)
  3 wights
  A centaur zombie (D:7)
  2 giant frog zombies (D:6)
  2 crimson imps
  5 hounds
  A jelly (D:7)
  6 orc priests
  A giant frog skeleton (D:9)
  A gnoll shaman (D:4)
  5 worker ants
  An iguana (D:8)
  8 orc wizards
  2 hound zombies
  2 mummies (D:7)
  A worker ant zombie (D:5)
  7 gnolls
  17 adders
  2 shadow imps
  5 river rats (Sewer)
  2 oozes (Sewer)
  An adder zombie (D:7)
  An adder skeleton (D:8)
  5 worms
  21 orcs
  10 ball pythons
  6 bats
  5 giant cockroaches
  10 hobgoblins
  7 jackals
  4 quokkas
  7 giant geckos
  A giant gecko skeleton (D:4)
  12 giant newts
  10 goblins
  12 kobolds
  30 rats
247 creatures vanquished.

Notes
Turn   | Place    | Note
--------------------------------------------------------------
     0 | D:1      | Kloppie the Formicid Fighter began the quest for the Orb.
     0 | D:1      | Reached XP level 1. HP: 18/18 MP: 1/1
   212 | D:1      | Reached XP level 2. HP: 24/24 MP: 2/2
   455 | D:1      | Reached XP level 3. HP: 24/30 MP: 3/3
   787 | D:2      | Reached skill level 4 in Fighting
   899 | D:2      | Found a shimmering altar of Xom.
  1019 | D:2      | Reached XP level 4. HP: 33/37 MP: 4/4
  1021 | D:2      | Found a faded altar to an unknown god.
  1477 | D:3      | Noticed an ogre
  1483 | D:3      | Killed an ogre
  1483 | D:3      | Reached skill level 5 in Fighting
  1483 | D:3      | Reached XP level 5. HP: 27/44 MP: 5/5
  1556 | D:3      | Found a glowing drain.
  1571 | Sewer    | Entered a sewer
  1613 | Sewer    | Reached XP level 6. HP: 31/51 MP: 6/6
  2506 | Sewer    | Reached skill level 6 in Fighting
  2506 | Sewer    | Reached skill level 5 in Axes
  2506 | Sewer    | Reached XP level 7. HP: 26/58 MP: 7/7
  3044 | D:3      | Found a shadowy altar of Dithmenos.
  3048 | D:3      | Found a basalt altar of Yredelemnul.
  3050 | D:3      | Found a glowing silver altar of Zin.
  3050 | D:3      | Found a snail-covered altar of Cheibriados.
  3526 | D:3      | Noticed Wutend's ghost (amateur OpFi)
  3550 | D:3      | HP: 2/59 [Wutend's ghost (1)]
  3552 | D:3      | Killed Wutend's ghost
  3552 | D:3      | Reached skill level 7 in Fighting
  3836 | D:3      | Found a deep blue altar of Sif Muna.
  3959 | D:4      | Reached XP level 8. HP: 62/67 MP: 8/8
  4397 | D:4      | Reached skill level 8 in Fighting
  4652 | D:4      | Found a blossoming altar of Fedhas.
  4764 | D:5      | Entered Level 5 of the Dungeon
  4764 | D:5      | Noticed purzel's ghost (weakling DgAs)
  4775 | D:5      | Killed purzel's ghost
  5365 | D:5      | Reached XP level 9. HP: 63/75 MP: 9/9
  5612 | D:6      | Reached skill level 9 in Fighting
  5756 | D:6      | Found a staircase to the Ecumenical Temple.
  5761 | Temple   | Entered the Ecumenical Temple
  5769 | Temple   | Became a worshipper of Elyvilon the Healer
  5883 | D:6      | Found a glowing golden altar of the Shining One.
  6588 | D:7      | Reached skill level 10 in Fighting
  6666 | D:7      | Reached skill level 1 in Invocations
  7157 | D:7      | Reached XP level 10. HP: 85/85 MP: 12/12
  7296 | D:7      | Reached * piety under Elyvilon
  7585 | D:7      | Reached skill level 5 in Invocations
  7635 | D:7      | Reached skill level 10 in Axes
  7670 | D:7      | Found a burning altar of Makhleb.
  7877 | D:8      | Noticed Erica
  7899 | D:7      | Killed Erica
  8192 | D:8      | Got a polished quarterstaff
  8200 | D:8      | Identified the +12 quarterstaff of Spontaneous Combustion {crush, rN+ Int+3 Dex-2} (You found it on level 8 of the Dungeon)
  8316 | D:8      | Found an iron altar of Okawaru.
  8349 | D:8      | Noticed Genom09's ghost (novice MfTm)
  8967 | D:9      | Found Pampi's Magic Scroll Emporium.
  8983 | D:9      | Found Torith's Distillery.
  8986 | D:9      | Slain by a troll

Action                   |  1- 3 |  4- 6 |  7- 9 | 10-12 || total
-------------------------+-------+-------+-------+-------++-------
Melee: War axe           |   118 |   199 |   406 |   180 ||   903
Evoke: Wand              |       |       |     3 |       ||     3
  Use: Scroll            |       |       |    15 |     3 ||    18
       Potion            |       |       |     4 |     1 ||     5
  Eat: Chunk             |     1 |     5 |    15 |     4 ||    25
       Fruit             |       |       |       |     3 ||     3
